 Dungeon Crawl Stone Soup version 0.21-a0-265-gb353147 (webtiles) character file.

3431 Monsterracer the Cleaver (level 9, -5/86 HPs)
             Began as a Deep Dwarf Fighter on Sept 12, 2017.
             Was an Initiate of Makhleb.
             Killed from afar by an electric eel (14 damage)
             ... with a bolt of electricity
             ... on level 7 of the Dungeon.
             The game lasted 00:06:49 (4466 turns).

Monsterracer the Cleaver (Deep Dwarf Fighter)       Turns: 4466, Time: 00:06:50

Health: -5/86      AC: 11    Str: 24    XL:     9   Next: 77%
Magic:  3/3        EV: 11    Int:  5    God:    Makhleb [......]
Gold:   336        SH: 14    Dex: 12    Spells: 8/8 levels left

rFire    + . .     SeeInvis +   a - +0 war axe
rCold    . . .     Gourm    .   c - +0 shield
rNeg     . . .     Faith    .   l - +0 scale mail
rPois    .         Spirit   .   (helmet restricted)
rElec    .         Reflect  +   t - +0 cloak
rCorr    .         Harm     .   (no gloves)
MR       +....                  p - +1 pair of boots
Stlth    ..........             m - +3 amulet of reflection
HPRegen  0.00/turn              i - ring of protection from fire
MPRegen  0.08/turn              u - -3 ring of intelligence (curse)

@: non-regenerating, very slow
A: damage resistance, heal wounds, hooves 1, horns 1, see invisible, mutation
resistance 1, sense surroundings 2, sturdy frame 1, no regeneration
a: Heal Wounds, Renounce Religion


You were on level 7 of the Dungeon.
You worshipped Makhleb.
Makhleb was noncommittal.
You were not hungry.

You visited 2 branches of the dungeon, and saw 8 of its levels.

You collected 336 gold pieces.

Inventory:

Hand Weapons
 a - a +0 war axe (weapon)
 b - a +1 whip of electrocution
Armour
 c - a +0 shield (worn)
 l - a +0 scale mail (worn)
 p - a +1 pair of boots (worn)
 t - a +0 cloak (worn)
Jewellery
 i - a ring of protection from fire (left hand)
 m - a +3 amulet of reflection (around neck)
 u - a cursed -3 ring of intelligence (right hand)
Scrolls
 e - 4 scrolls of remove curse
Potions
 d - a potion of agility
 j - 2 potions of berserk rage
 k - a potion of lignification
 n - a potion of haste
 o - 4 potions of heal wounds
 q - 2 potions of curing
 r - a potion of magic
 s - a potion of flight
 w - a potion of might
Comestibles
 f - 5 bread rations
 g - 2 fruits
 h - 4 meat rations
 x - 4 royal jellies


   Skills:
 * Level 7.0 Fighting
 * Level 8.5 Axes
 + Level 6.8 Armour
 + Level 5.5 Dodging
 + Level 6.9 Shields


You had 8 spell levels left.
You didn't know any spells.

Dungeon Overview and Level Annotations

Branches:
Dungeon (7/15)             Temple (1/1) D:6

Altars:
Ashenzari
Cheibriados
Dithmenos
Elyvilon
Fedhas
Gozag
Hepliaklqana
Makhleb
Nemelex Xobeh
Okawaru
Qazlal
Ru
Sif Muna
Uskayaw
Vehumet
Wu Jian
Xom
Yredelemnul
Zin
The Shining One


Innate Abilities, Weirdness & Mutations

You are resistant to damage.
You can heal yourself by infusing magical energy.
You passively map the area around you.
You do not regenerate.
You have large cloven feet.
You have a pair of small horns on your head.
You have supernaturally acute eyesight. (SInv)
You are somewhat resistant to further mutation.
Your movements are slightly less encumbered by armour. (ER -2)


Message History

You hit the electric eel but do no damage.
The electric eel is heavily wounded.
You hit the plant but do no damage. You miss the electric eel.
The electric eel is heavily wounded.
You hit the plant but do no damage.
The electric eel shoots out a bolt of lightning at you!
The bolt of electricity hits you!
* * * LOW HITPOINT WARNING * * *
You hit the electric eel.
You headbutt the electric eel, but do no damage.
The electric eel is heavily wounded.
You hit the plant.
Damage: -2%(-2hp) hp: 11%(9hp)
You barely miss the electric eel.
The electric eel is heavily wounded.
You slash the plant!
The electric eel shoots out a bolt of lightning at you!
The bolt of electricity hits you!
You die...

#......#######.#
#......# #.#
#......# * ###
#......#<
##.#####
#.#♣≈♣#.#
######'♣♣≈≈♣.##
#.....♣P≈P≈♣≈≈#
#..†♣@♣♣≈≈≈≈♣♣
#...P♣;≈≈≈≈≈≈♣♣ *
####♣♣≈≈≈≈P≈PP♣≈
, ,
*♣♣≈≈≈♣≈P≈♣≈♣≈#,*
** #≈P≈≈≈≈≈≈≈≈≈≈♣
#♣♣≈≈≈≈≈≈≈P≈≈♣
*#≈PP≈≈≈≈≈≈≈≈≈♣ ,
≈♣≈≈≈≈≈≈≈≈≈≈≈P≈.*
#≈♣≈≈≈≈≈≈≈≈≈≈≈P♣.


You could see an electric eel.

Vanquished Creatures
  Pikel (D:5)
  Sigmund (D:3)
  4 hogs (D:7)
  A human (D:7)
  Duvessa (D:5)
  A sky beast (D:7)
  An ice beast (D:6)
  An orc warrior (D:6)
  A slave (D:5)
  The ghost of Monsterracer the Covered, an amateur DDFi (D:3)
  2 phantoms
  2 ogres
  A centaur (D:6)
  Dowan (D:5)
  3 bullfrogs
  2 scorpions
  An electric eel (D:7)
  A crimson imp (D:6)
  A bullfrog zombie (D:5)
  A quasit (D:6)
  2 orc priests
  3 hounds
  5 orc wizards
  Crazy Yiuf (D:3)
  A jelly (D:5)
  2 iguanas
  2 worker ants
  Natasha (D:3)
  A howler monkey zombie (D:5)
  A worker ant zombie (D:7)
  6 gnolls
  8 adders
  An ooze (D:2)
  An adder skeleton (D:4)
  2 worms
  4 dart slugs
  6 leopard geckos
  12 orcs
  6 giant cockroaches
  6 goblins
  9 hobgoblins
  5 jackals
  A quokka (D:4)
  3 ball pythons
  5 bats
  6 frilled lizards
  7 kobolds
  A leopard gecko skeleton (D:4)
  A quokka skeleton (D:3)
  A quokka zombie (D:5)
  4 rats
142 creatures vanquished.

Notes
Turn   | Place    | Note
-------+----------+-------------------------------------------
     0 | D:1      | Monsterracer the Deep Dwarf Fighter began the quest for the Orb.
     0 | D:1      | Reached XP level 1. HP: 20/20 MP: 1/1
    60 | D:1      | Reached XP level 2. HP: 27/27 MP: 2/2
   666 | D:2      | Reached XP level 3. HP: 33/33 MP: 3/3
   717 | D:2      | Found a hazy altar of Hepliaklqana.
  1186 | D:3      | Reached skill level 3 in Axes
  1206 | D:3      | Noticed Monsterracer's ghost (amateur DDFi)
  1212 | D:3      | HP: 9/33 [Monsterracer's ghost (11)]
  1214 | D:3      | Killed Monsterracer's ghost
  1214 | D:3      | Reached skill level 1 in Dodging
  1214 | D:3      | Reached XP level 4. HP: 11/42 MP: 4/4
  1214 | D:3      | Reached XP level 5. HP: 13/49 MP: 5/5
  1308 | D:3      | HP: 20/49 [orc priest/divine providence (11)]
  1319 | D:3      | HP: 7/49 [orc wizard/magic dart (4)]
  1325 | D:3      | Reached skill level 4 in Axes
  1325 | D:3      | HP: 24/49 [orc priest/divine providence (11)]
  1331 | D:3      | HP: 14/49 [orc/club (1)]
  1440 | D:3      | Noticed Sigmund
  1461 | D:3      | HP: 20/49 [Sigmund/scythe (5)]
  1468 | D:3      | HP: 10/49 [Sigmund/scythe (6)]
  1475 | D:3      | Killed Sigmund
  1475 | D:3      | Reached XP level 6. HP: 12/57 MP: 5/5
  1675 | D:3      | Found a shattered altar of Ashenzari.
  1705 | D:3      | Found a sacrificial altar of Ru.
  1785 | D:3      | Noticed Natasha
  1789 | D:3      | Killed Natasha
  1789 | D:3      | Reached skill level 5 in Axes
  1789 | D:3      | Reached XP level 7. HP: 34/64 MP: 6/6
  1975 | D:3      | Found a runed door.
  2193 | D:3      | Noticed Crazy Yiuf
  2201 | D:3      | HP: 22/64 [Crazy Yiuf/quarterstaff of chaos (12)]
  2205 | D:3      | Killed Crazy Yiuf
  2317 | D:4      | Found an opulent altar of Gozag.
  2325 | D:4      | Found an ornate altar of the Wu Jian Council.
  2340 | D:4      | Found a blossoming altar of Fedhas.
  2344 | D:4      | Found a basalt altar of Yredelemnul.
  2380 | D:4      | Found a shattered altar of Ashenzari.
  2474 | D:4      | HP: 26/64 [orc wizard/magic dart (7)]
  2481 | D:4      | Reached skill level 5 in Shields
  2501 | D:4      | Reached skill level 5 in Armour
  2504 | D:4      | HP: 29/66 [ogre/giant club (8)]
  2507 | D:4      | HP: 10/66 [ogre/giant club (19)]
  2535 | D:4      | Found a stormy altar of Qazlal.
  3048 | D:5      | Entered Level 5 of the Dungeon
  3061 | D:5      | HP: 25/66 [ogre/giant club (15)]
  3062 | D:5      | Reached XP level 8. HP: 28/73 MP: 5/5
  3086 | D:5      | HP: 35/73 [phantom (4)]
  3102 | D:5      | Reached skill level 5 in Fighting
  3102 | D:5      | Reached skill level 6 in Axes
  3194 | D:5      | HP: 32/74 [acid (3)]
  3199 | D:5      | HP: 28/74 [howler monkey zombie (4)]
  3221 | D:5      | Noticed Pikel
  3254 | D:5      | Killed Pikel
  3289 | D:5      | Noticed Duvessa
  3291 | D:5      | Noticed Dowan
  3293 | D:5      | HP: 35/76 [Duvessa/short sword (4)]
  3302 | D:5      | HP: 32/76 [Duvessa/short sword (3)]
  3312 | D:5      | HP: 28/76 [Duvessa/short sword (4)]
  3315 | D:5      | Killed Duvessa
  3315 | D:5      | Reached skill level 7 in Axes
  3326 | D:5      | Killed Dowan
  3332 | D:5      | HP: 22/76 [iguana (4)]
  3610 | D:6      | Gained mutation: You passively map the area around you. [Deep Dwarf growth]
  3610 | D:6      | Reached XP level 9. HP: 49/82 MP: 5/5
  3725 | D:6      | HP: 36/82 [orc warrior/trident (12)]
  3733 | D:6      | HP: 21/82 [orc warrior/trident (12)]
  3746 | D:6      | HP: 20/82 [something (1)]
  3753 | D:6      | HP: 19/82 [something (1)]
  3794 | D:6      | HP: 31/82 [orc priest/divine providence (14)]
  4066 | D:6      | Found a staircase to the Ecumenical Temple.
  4106 | D:6      | HP: 40/85 [bullfrog (3)]
  4138 | Temple   | Entered the Ecumenical Temple
  4173 | Temple   | Became a worshipper of Makhleb the Destroyer
  4303 | D:7      | Reached skill level 5 in Dodging
  4313 | D:7      | Gained mutation: You have supernaturally acute eyesight. (SInv) [mutagenic meat]
  4314 | D:7      | Gained mutation: You have large cloven feet. [mutagenic meat]
  4315 | D:7      | Gained mutation: You have a pair of small horns on your head. [mutagenic meat]
  4316 | D:7      | Gained mutation: Your movements are slightly less encumbered by armour. (ER -2) [mutagenic meat]
  4317 | D:7      | Gained mutation: You are somewhat resistant to further mutation. [mutagenic meat]
  4364 | D:7      | Reached skill level 8 in Axes
  4365 | D:7      | HP: 40/85 [hog (4)]
  4370 | D:7      | HP: 30/85 [hog (5)]
  4450 | D:7      | HP: 40/86 [electric eel/bolt of electricity (4)]
  4455 | D:7      | HP: 20/86 [electric eel/bolt of electricity (7)]
  4461 | D:7      | HP: 11/86 [electric eel/bolt of electricity (3)]
  4466 | D:7      | Killed from afar by an electric eel

Vault maps used:
D:1:      minmay_arrival_diagonal_passages
D:2:      lemuel_doored_altar, first_bread, minmay_cupped
D:3:      kb_forest_paths, nicolae_overflow_crystal_walls,
          nicolae_ru_sacrificial_ziggurat, lemuel_old_faithful, uniq_sigmund,
          uniq_crazy_yiuf_cottage, uniq_natasha
D:4:      old_standard_altar, grunt_temple_overflow_cloverleaf,
          evilmike_ruin_ashenzari
D:5:      uniq_pikel, uniq_duvessa
D:6:      minmay_temple_entry_glassed_door
D:7:      wad_floor_pattern_2, grunt_livestock, serial_bayou_lake_a
Temple:   chequers_temple_sunken

Skill      XL: |  1  2  3  4  5  6  7  8  9 |
---------------+----------------------------+-----
Axes           | 3 4 5 7 8 |  8.5
Fighting       | 3 4 6 7 |  7.0
Armour         | 4 5 6 |  6.8
Dodging        | 1 2 3 4 5 |  5.5
Shields        | 4 5 6 |  6.9

Action                   |  1- 3 |  4- 6 |  7- 9 || total
-------------------------+-------+-------+-------++-------
Melee: War axe           |    94 |    96 |   381 ||   571
       Whip              |       |       |    10 ||    10
       Headbutt          |       |       |     8 ||     8
 Abil: Heal Wounds       |       |     4 |    12 ||    16
  Use: Potion            |     1 |     1 |     1 ||     3
       Scroll            |       |       |    14 ||    14
  Eat: Chunk             |     1 |     2 |    15 ||    18
Armor: Scale mail        |    54 |    33 |   114 ||   201
Dodge: Dodged            |    36 |    37 |   131 ||   204
Block: Shield            |    64 |    72 |   257 ||   393
       Reflection        |       |       |     3 ||     3

Table legend:
 A = Spawn XP
 B = Non-spawn XP
 C = Spawn XP percentage of total XP
 D = Spawn monster count
 E = Non-spawn monster count
 F = Spawn count percentage of total count
 G = Total turns spent on level
                    A         B        C        D         E        F      G
               +---------+---------+-------+---------+---------+-------+---------
         Total |       0 |    4902 |   0.0 |       0 |     141 |   0.0 |  4466
               +---------+---------+-------+---------+---------+-------+---------
           D:1 |       0 |      36 |   0.0 |       0 |      21 |   0.0 |   655
           D:2 |       0 |      31 |   0.0 |       0 |      15 |   0.0 |   493
           D:3 |       0 |     714 |   0.0 |       0 |      34 |   0.0 |  1118
           D:4 |       0 |     567 |   0.0 |       0 |      21 |   0.0 |   782
           D:5 |       0 |    1395 |   0.0 |       0 |      18 |   0.0 |   530
           D:6 |       0 |     959 |   0.0 |       0 |      22 |   0.0 |   659
           D:7 |       0 |    1200 |   0.0 |       0 |      10 |   0.0 |   171
               +---------+---------+-------+---------+---------+-------+---------
